 Dungeon Crawl Stone Soup version 0.29.1-1-gd02db6906a (webtiles) character file.

Game seed: 16268787412479135589

1324 hawla the Arsonist (level 9, -1/64 HPs)
             Began as a Meteoran Fire Elementalist on Oct 9, 2022.
             Was an Initiate of Vehumet.
             Slain by an orc priest
             ... wielding a +0 dagger
              (4 damage)
             ... on level 6 of the Dungeon.
             The game lasted 00:12:49 (3489 turns).

hawla the Arsonist (Meteoran Fire Elementalist)     Turns: 3489, Time: 00:12:49

Health: -1/64      AC:  3    Str: 10    XL:     9   Next: 14%
Magic:  0/19       EV: 12    Int: 21    God:    Vehumet [......]
Gold:   225        SH:  3    Dex: 15    Spells: 7/20 levels left

rFire   . . .      SeeInvis .   j - staff of death
rCold   . . .      Faith    .   i - +0 buckler
rNeg    + . .      Spirit   +   a - +0 robe
rPois   .          Reflect  .   (no helmet)
rElec   .          Harm     .   (no cloak)
rCorr   .          Rampage  .   (no gloves)
Will    +....                   w - +0 pair of boots
Stlth   +.........              k - amulet of guardian spirit
HPRegen 0.20/turn               (no ring)
MPRegen 0.16/turn               (no ring)

@: glowing
A: sense surroundings 2, otherworldly, glowing, explore regen
a: Renounce Religion


You were on level 6 of the Dungeon.
You worshipped Vehumet.
Vehumet was noncommittal.
You visited 2 branches of the dungeon, and saw 7 of its levels.
You also visited: Sewer.

You collected 225 gold pieces.

Inventory:

Armour
 a - a +0 robe (worn)
 i - a +0 buckler (worn)
 w - a +0 pair of boots (worn)
Magical Staves
 j - a staff of death (weapon)
Jewellery
 k - an amulet of guardian spirit (around neck)
Wands
 g - a wand of acid (12)
 r - a wand of roots (1)
 y - a wand of charming (5)
Scrolls
 d - 2 scrolls of enchant weapon
 e - 4 scrolls of teleportation
 l - a scroll of fog
 p - a scroll of amnesia
 q - a scroll of magic mapping
 s - a scroll of summoning
Potions
 b - a potion of magic
 c - a potion of flight
 f - 4 potions of curing {unknown}
 h - 2 potions of mutation {unknown}
 m - 3 potions of invisibility {unknown}
 n - a potion of might
 o - a potion of ambrosia
 t - 3 potions of heal wounds
 x - 2 potions of attraction {unknown}
 z - 2 potions of resistance {unknown}


   Skills:
 - Level 1.1 Fighting
 - Level 0.9 Staves
 - Level 3.0 Dodging
 - Level 1.4 Stealth
 - Level 0.2 Shields
 - Level 6.0 Spellcasting
 - Level 4.4 Conjurations
 - Level 1.5 Necromancy
 + Level 2.3 Transmutations
 - Level 9.4 Fire Magic
 - Level 1.5 Evocations


You had 7 spell levels left.
You knew the following spells:

 Your Spells              Type           Power      Damage    Failure   Level
a - Foxfire               Conj/Fire      100%       2x1d9     1%          1
b - Scorch                Fire           92%        2d10      1%          2
c - Flame Wave            Conj/Fire      35%        2d10      8%          4
d - Alistair's Intoxicat  Tmut/Pois      7%         N/A       92%         5
e - Apportation           Tloc           12%        N/A       13%         1

Your spell library contained the following spells:

 Spells                   Type           Power      Damage    Failure   Level
 Conjure Flame            Conj/Fire      35%        6-21      2%          3
 Inner Flame              Hex/Fire       26%        N/A       6%          3
 Blink                    Tloc           12%        N/A       21%         2
 Manifold Assault         Tloc           6%         N/A       98%         5
 Malign Gateway           Summ/Tloc      3%         N/A       100%        7
 Storm Form               Tmut/Air       5%         N/A       100%        7
 Summon Horrible Things   Summ           3%         N/A       100%        8


Dungeon Overview and Level Annotations

Branches:
Dungeon (6/15) Zot: 493    Temple (1/1) D:5 Zot: 344   Sewer (visited)

Altars:
Ashenzari
Cheibriados
Dithmenos
Elyvilon
Fedhas
Gozag
Hepliaklqana
Kikubaaqudgha
Makhleb
Nemelex Xobeh
Okawaru
Qazlal
Ru
Sif Muna
Trog
Uskayaw
Vehumet
Wu Jian
Yredelemnul
Zin
The Shining One

Annotations:
D:4 1 runed translucent door


Innate Abilities, Weirdness & Mutations

You passively map the area around you.
You are easily found by Zot.
You glow in the dark.
You regain HP and MP as you explore.


Message History

Confirm with . or Enter, or press ? or * to list all spells.
You conjure some foxfire!
You are engulfed in a cloud of scalding steam.
Casting: Foxfire (safe; 1% risk of failure)
Confirm with . or Enter, or press ? or * to list all spells.
You conjure some foxfire!
The foxfire hits the steam dragon.
The steam dragon is heavily wounded.
The orc priest calls down the wrath of Beogh upon you.
Beogh smites you!
Casting: Foxfire (safe; 1% risk of failure)
Confirm with . or Enter, or press ? or * to list all spells.
Flames lash the steam dragon.
The steam dragon is severely wounded.
The steam dragon's fire resistance burns away.
The foxfire hits the orc priest.
The orc priest is moderately wounded.
The foxfire hits the steam dragon.
The steam dragon is burned terribly!
The steam dragon is almost dead.
The foxfire hits the orc priest.
The orc priest is moderately wounded.
Casting: Scorch (safe; 1% risk of failure)
Confirm with . or Enter, or press ? or * to list all spells.
Flames lash the steam dragon.
The steam dragon is almost dead.
The steam dragon bites you. The steam dragon closely misses you.
Unknown command.
Casting: Scorch (safe; 1% risk of failure)
Confirm with . or Enter, or press ? or * to list all spells.
You conjure some foxfire!
The steam dragon misses you.
The steam dragon claws you but does no damage.
The foxfire hits the steam dragon but does no damage.
The steam dragon is almost dead.
The foxfire hits the orc priest.
The orc priest is heavily wounded.
The steam dragon breathes steam at you. The ball of steam hits you!!
* * * LOW HITPOINT WARNING * * *
An orc comes into view. It is wielding a +0 whip.
The orc priest hits you with a +0 dagger.
You die...

.....###............# * , *
####.........†.....## ,,
###..............# ** , *
#..............# ,
#..............### #
#................# * * ...
#..............#..,,,, ,
.....##............###..
..............o.@§§##*.#***
* ..)..#######..#D§o..## *
*, ...,, ##..#o....# . , *
##.#.###...# *, #...# ..o
,,, , , , ##..# .# , *
##.###, ^ * #....# ,,,
#....# ,,


You could see a steam dragon (combustible, ally target), an orc priest, an orc
and 2 friendly orcs.

Vanquished Creatures
  A water moccasin (D:6)
  Pargi (Sewer)
  An ogre (D:5)
  2 phantoms
  A bullfrog (D:6)
  3 scorpions
  A necrophage (D:4)
  An orc priest (D:3)
  2 hounds
  3 iguanas
  4 orc wizards
  14 gnolls
  2 river rats (D:3)
  7 adders
  A worm (D:2)
  A dart slug (D:1)
  15 orcs
  7 bats
  An endoplasm (D:1)
  3 giant cockroaches (D:1)
  3 goblins
  6 hobgoblins
  4 jackals (D:3)
  2 quokkas
  16 ball pythons
  6 frilled lizards
  3 kobolds
  4 rats
115 creatures vanquished.

Vanquished Creatures (collateral kills)
  A white imp (D:5)
1 creature vanquished.

Vanquished Creatures (others)
  176 foxfires
176 creatures vanquished.

Grand Total: 292 creatures vanquished

Notes
Turn   | Place    | Note
-------+----------+-------------------------------------------
     0 | D:1      | hawla the Meteoran Fire Elementalist began the quest for
                  | the Orb.
     0 | D:1      | Reached XP level 1. HP: 14/14 MP: 5/5
    68 | D:1      | Reached XP level 2. HP: 16/20 MP: 5/7
    73 | D:1      | Learned a level 2 spell: Scorch
   148 | D:1      | Reached skill level 4 in Fire Magic
   317 | D:1      | Reached XP level 3. HP: 26/26 MP: 6/8
   500 | D:1      | Glimpsed the power of Zot.
   573 | D:2      | Found a faded altar of an unknown god.
   957 | D:2      | Reached XP level 4. HP: 34/34 MP: 2/10
  1099 | D:2      | Glimpsed the power of Zot.
  1172 | D:3      | Reached XP level 5. HP: 39/39 MP: 7/12
  1196 | D:3      | Reached skill level 1 in Evocations
  1202 | D:3      | Reached skill level 1 in Necromancy
  1273 | D:3      | Found a glowing drain.
  1281 | Sewer    | Entered a sewer
  1358 | Sewer    | Noticed Pargi
  1365 | Sewer    | Killed Pargi
  1366 | Sewer    | Reached skill level 5 in Fire Magic
  1366 | Sewer    | Reached XP level 6. HP: 40/46 MP: 5/14
  1678 | D:3      | Reached skill level 5 in Spellcasting
  1793 | D:3      | Reached skill level 1 in Fighting
  1895 | D:3      | Glimpsed the power of Zot.
  1910 | D:4      | Reached XP level 7. HP: 52/52 MP: 10/15
  2015 | D:4      | Reached skill level 6 in Fire Magic
  2030 | D:4      | Learned a level 4 spell: Flame Wave
  2084 | D:4      | Found a blossoming altar of Fedhas.
  2172 | D:4      | Reached XP level 8. HP: 59/59 MP: 11/17
  2189 | D:4      | Reached skill level 7 in Fire Magic
  2316 | D:4      | Found a runed translucent door.
  2411 | D:4      | Found a hazy altar of Hepliaklqana.
  2491 | D:4      | Glimpsed the power of Zot.
  2519 | D:5      | Entered Level 5 of the Dungeon
  2700 | D:5      | Identified the +10 spear of Heteus {freeze, rElec Will+
                  | Str+2}
  2751 | D:5      | Reached skill level 8 in Fire Magic
  3026 | D:5      | Found a staircase to the Ecumenical Temple.
  3038 | Temple   | Entered the Ecumenical Temple
  3211 | Temple   | Became a worshipper of Vehumet
  3284 | D:5      | Glimpsed the power of Zot.
  3297 | D:6      | Reached skill level 9 in Fire Magic
  3307 | D:6      | Noticed a steam dragon
  3331 | D:6      | Found an ornate altar of the Wu Jian Council.
  3336 | D:6      | Gained mutation: You passively map the area around you.
                  | [Meteoran growth]
  3336 | D:6      | Reached XP level 9. HP: 64/64 MP: 13/19
  3353 | D:6      | Learned a level 5 spell: Alistair's Intoxication
  3355 | D:6      | Learned a level 1 spell: Apportation
  3407 | D:6      | Reached skill level 1 in Transmutations
  3488 | D:6      | HP: 3/64 [steam dragon/ball of steam (19)]
  3489 | D:6      | Slain by an orc priest

Illustrated notes

Levels and vault maps discovered:
D:1:      erik_arrival_cave_to_civilisation [erik_arrival_cave_to_hall],
          layout_basic, minmay_misc_feat_more_columns
D:2:      layout_basic, ebering_ecumenical_altar_petrified
D:3:      layout_loops_cross, lightli_sewer_entry_pipes, grunt_ministairs_4
D:4:      layout_basic, fedhas_altar_1, lemuel_doored_altar,
          ebering_ghost_reflecting_pool
D:5:      layout_layer_cave, minmay_temple_entry_ruins
D:6:      layout_rooms, mainiacjoe_overflow_boulevard
Temple:   regret_index_temple_mists

Skill      XL: |  1  2  3  4  5  6  7  8  9 |
---------------+----------------------------+-----
Spellcasting   | 3 4 5 6 |  6.0
Fire Magic     | 4 5 6 9 |  9.4
Conjurations   | 2 3 4 |  4.4
Evocations     | 1 |  1.5
Necromancy     | 1 |  1.5
Dodging        | 3 |  3.0
Fighting       | 1 |  1.1
Transmutations | 2 |  2.3
Staves         | |  0.9
Stealth        | |  1.4
Shields        | |  0.2

Action                   |  1- 3 |  4- 6 |  7- 9 || total
-------------------------+-------+-------+-------++-------
Melee: Unarmed           |     2 |       |       ||     2
       Staff             |       |     8 |    32 ||    40
 Cast: Foxfire           |    32 |    35 |    41 ||   108
       Scorch            |     7 |    21 |    44 ||    72
       Flame Wave        |       |       |     7 ||     7
  Use: Scroll            |     5 |     3 |     7 ||    15
       Potion            |       |       |     1 ||     1
 Stab: Sleeping          |       |     1 |       ||     1
Armor: Robe              |     5 |     2 |     6 ||    13
Dodge: Dodged            |     4 |    11 |    39 ||    54
Block: Buckler           |       |     4 |    11 ||    15
